 Dungeon Crawl Stone Soup version 0.19.0-24-gb05acd6 (webtiles) character file.

1731072 Tegga21 the Conqueror (level 27, 179/179 HPs)
             Began as a Gargoyle Fighter on Nov 20, 2016.
             Was the Champion of Ashenzari.
             Escaped with the Orb
             ... and 3 runes!
             The game lasted 04:11:17 (63635 turns).

Tegga21 the Conqueror (Gargoyle Fighter)           Turns: 63635, Time: 04:11:18

Health: 179/179    AC: 62    Str: 25      XL:     27
Magic:  33/33      EV: 15    Int: 11 (12) God:    Ashenzari [******]
Gold:   7526       SH: 27    Dex: 17      Spells: 1 memorised, 45 levels left

rFire  + + +     SeeInvis +     s - +9 demon whip (drain)
rCold  + + +     Gourm    .     c - +9 armour of the Dragon King {rPois rF+ rC+ MR+} (curse)
rNeg   + + .     Faith    .     R - +0 large shield {reflect} (curse)
rPois  ∞         Spirit   .     A - -2 hat of the Alchemist {rElec rPois rF+ rC+ rN+ MR+ rMut rCorr} (curse)
rElec  +         Reflect  +     O - +1 cloak
rCorr  +         Harm     .     k - +0 pair of gloves {Dex+3} (curse)
rMut   +         Clarity  +     a - +1 pair of boots of the Bells {SInv} (curse)
MR     ++++.                    H - amulet of regeneration
Stlth  ..........               o - ring of protection from cold (curse)
                                m - ring of protection from fire (curse)

@: flying
A: big wings, berserk 2, deterioration 2, frail 1, low mp 1, negative energy
resistance 1, shaggy fur 1, electricity resistance, unbreathing, petrification
resistance, no device heal 1, rot immunity, subdued magic 1, MP-powered wands,
AC +20
a: Stop Flying, Curse Item, Scrying, Transfer Knowledge, Renounce Religion
0: Orb of Zot
}: 3/15 runes: barnacled, silver, gossamer


You escaped.
You worshipped Ashenzari.
Ashenzari was exalted by your worship.
You were not hungry.

You visited 10 branches of the dungeon, and saw 50 of its levels.
You visited the Abyss 1 time.

You collected 14573 gold pieces.
You spent 3801 gold pieces at shops.
You paid 3246 gold pieces to Gozag.

Inventory:

Hand Weapons
 s - a +9 demon whip of draining (weapon)
Missiles
 S - 8 throwing nets (quivered)
Armour
 a - the cursed +1 pair of boots of the Bells (worn) {SInv}
   (You found it on level 3 of the Lair of Beasts)

   It lets you see invisible.
   It has a curse placed upon it.
 c - the cursed +9 armour of the Dragon King (worn) {rPois rF+ rC+ MR+}
   (You bought it in a shop on level 2 of the Orcish Mines)

   It protects you from fire.
   It protects you from cold.
   It protects you from poison.
   It affects your resistance to hostile enchantments.
   It has a curse placed upon it.
 h - a +2 pair of boots of running
 k - a cursed +0 pair of gloves of dexterity (worn)
 A - the cursed -2 hat of the Alchemist (worn) {rElec rPois rF+ rC+ rN+ MR+ rMut rCorr}
   (You bought it in a shop on level 2 of the Orcish Mines)

   It protects you from fire.
   It protects you from cold.
   It insulates you from electricity.
   It protects you from poison.
   It protects you from negative energy.
   It affects your resistance to hostile enchantments.
   It protects you from acid and corrosion.
   It protects you from mutation.
   It has a curse placed upon it.
 O - a +1 cloak (worn)
 R - a cursed +0 large shield of reflection (worn)
Jewellery
 m - a cursed ring of protection from fire (left hand)
 o - a cursed ring of protection from cold (right hand)
 H - an amulet of regeneration (around neck)
Wands
 e - a wand of teleportation (7/9)
 v - a wand of teleportation (2/9)
 M - a wand of disintegration (12/24)
 N - a wand of digging (8/24)
 T - a wand of digging (3/24)
 X - a wand of heal wounds (4/9)
 Y - a wand of heal wounds (0/9)
Scrolls
 i - 3 scrolls of recharging
 n - 2 scrolls of blinking
 q - a scroll of brand weapon
 r - 2 scrolls of teleportation
 t - 2 scrolls of silence
 u - 7 scrolls of identify
 x - 6 scrolls of amnesia
 y - a scroll of enchant weapon
 z - 8 scrolls of remove curse
 C - 7 scrolls of magic mapping
 D - 4 scrolls of holy word
 E - 7 scrolls of enchant armour
 G - 7 scrolls of fog
 V - 6 scrolls of immolation
 W - 5 scrolls of fear
 Z - 2 scrolls of summoning
Potions
 b - a potion of beneficial mutation
 d - 6 potions of might
 f - 5 potions of invisibility
 g - a potion of heal wounds
 j - 6 potions of berserk rage
 l - 6 potions of ambrosia
 p - 3 potions of cure mutation
 B - 3 potions of cancellation
 I - 13 potions of curing
 J - 3 potions of magic
 L - a potion of haste
 P - 12 potions of agility
 U - a potion of resistance
Books
 F - a book of the Tempests

   Spells                             Type                      Level
   a - Static Discharge               Conjuration/Air              3
   b - Lightning Bolt                 Conjuration/Air              5
   c - Fireball                       Conjuration/Fire             5
   d - Tornado                        Air                          9
   e - Shatter                        Earth                        9
 K - a book of Necromancy

   Spells                             Type                      Level
   a - Pain                           Necromancy                   1
   b - Animate Skeleton               Necromancy                   1
   c - Vampiric Draining              Necromancy                   3
   d - Regeneration                   Charms/Necromancy            3
   e - Animate Dead                   Necromancy                   4
   f - Control Undead                 Necromancy                   4
Comestibles
 w - 22 meat rations
 Q - 3 bread rations


   Skills:
 O Level 27 Fighting
 + Level 17.7 Maces & Flails
 * Level 21.7(25.1) Armour
 + Level 14.7 Dodging
 - Level 23.7(25.8) Shields
 - Level 10.7 Spellcasting
 - Level 1.5(3.6) Charms
 - Level 1.1(2.9) Air Magic


You had 45 spell levels left.
You knew the following spells:

 Your Spells              Type           Power        Failure   Level  Hunger
a - Repel Missiles        Chrm/Air       ##....       45%         2    None


Dungeon Overview and Level Annotations

Branches:
Dungeon (15/15)            Temple (1/1) D:6            Lair (6/6) D:9
 Shoals (4/4) Lair:3       Spider (4/4) Lair:4        Slime (0/5) Lair:5
    Orc (2/2) D:11            Elf (3/3) Orc:2        Vaults (5/5) D:14
  Crypt (0/3) Vaults:2     Depths (5/5) D:15            Zot (5/5) Depths:5

Altars:
Ashenzari
Cheibriados
Dithmenos
Elyvilon
Fedhas
Gozag
Hepliaklqana
Kikubaaqudgha
Makhleb
Nemelex Xobeh
Okawaru
Qazlal
Ru
Sif Muna
Trog
Uskayaw
Vehumet
Xom
Yredelemnul
Zin
The Shining One
Jiyva

Shops:
D:15 *   Orc:2 :*[(*[   Elf:1 }   Elf:2 (   Lair:1 [   Lair:5 [   Shoals:2 :
Shoals:4 *   Depths:3 (((

Portals:
Hell: Depths:1 Depths:2 Depths:3 Depths:4
Abyss: Depths:4
Pandemonium: Depths:1 Depths:3
Ziggurat: Depths:1

Annotations:
Lair:6 drke's ghost, journeyman MiBe
Shoals:3 exclusion: 2 oklob plants
Elf:2 3 runed doors
Zot:5 exclusions: 3 doors and 4 more exclusions


Innate Abilities, Weirdness & Mutations

You are resistant to torment.
Your stone body is resilient. (AC +20)
You are immune to poison.
Your large and strong wings let you fly indefinitely.
You resist negative energy. (rN+)
You are resistant to electric shocks. (rElec)
You can survive without breathing.
You are immune to petrification.
You are immune to rotting.
You often lose your temper in combat.
Your body often deteriorates upon taking damage.
You are frail. (-10% HP)
Your magical capacity is low. (-10% MP)
You are covered in fur. (AC +1)
Potions and wands are less effective at restoring your health.
Your spells are a little easier to cast, but a little less powerful.
You expend magic power (3 MP) to strengthen your wands.


Message History

(Z) Zot
Where to? (Enter - D:1, ? - help)
There is a stone staircase leading up here.
You fly upwards.
There is a stone staircase leading down here.
There is a stone staircase leading up here.
You fly upwards.
There is a stone staircase leading down here.
You see here an uncursed war axe.
There is a stone staircase leading up here.
You fly upwards.
There is a stone staircase leading down here.
There is a stone staircase leading up here.
You fly upwards.
There is a stone staircase leading down here.
There is a staircase leading out of the dungeon here.
Okay, then.
Unknown command.
Unknown command.
You have escaped!

....##.##...............###.....#
.#..##.#..####.....####..##.....#
.>.......##.........#.##..'.....'
##.....###....(.......##.##.....#
#..##.# #...........###.###'####
##..##.# #.............#........+
#.#.##.# #.....≈≈≈..########.####
.#.#...# #....≈...≈....# #.# #
#.#.#### ##...≈.@.≈....# #.# #
.#.#.# ##...≈...≈....# ##.####
#.#.### #(....≈≈≈.....# #......
.#.#..# #...........### #.#####
#.#.#.####...........## #......
.#.#....##..........#.# #......
#.#.#...####.#......#.# #......
.#.#....# ###.....########......
#.#.#.).# ##....#####.##......


There were no monsters in sight!

Vanquished Creatures
  7 orbs of fire
  4 ancient liches
  Sojobo (Depths:4)
  Bai Suzhen (Depths:3)
  Saint Roka (Vaults:2)
  A curse toe (Zot:5)
  2 Killer Klowns (Zot:5)
  4 golden dragons
  Nikola (Depths:3)
  Jory (Vaults:5)
  A profane servitor (Depths:4)
  2 bone dragons
  Arachne (Spider:3)
  Jorgrun (Spider:3)
  6 liches
  6 tentacled monstrosities
  2 electric golems (Zot:5)
  Rupert (D:15)
  3 quicksilver dragons
  A deep elf master archer (Elf:3)
  A deep elf blademaster (Elf:3)
  25 Orb Guardians
  5 titans
  2 sphinxes
  A kraken (Shoals:4)
  2 death cobs (Zot:5)
  A tentacled starspawn (Abyss:4)
  5 tengu reavers
  6 storm dragons
  8 shadow dragons
  Ilsuiw (Shoals:4)
  Gastronok (Lair:3)
  A draconian monk (Zot:5)
  9 fire giants
  5 deep elf sorcerers
  5 ghost moths
  A draconian scorcher (Depths:5)
  4 draconian knights
  2 iron dragons
  13 vault wardens
  5 deep elf elementalists
  2 draconian shifters
  Louise (D:15)
  A curse skull (Vaults:2)
  4 frost giants
  8 emperor scorpions
  4 orc warlords
  12 ironheart preservers
  2 draconian annihilators
  22 very ugly things
  6 entropy weavers
  A war gargoyle (Vaults:5)
  15 stone giants
  2 draconian callers
  7 vampire knights
  Nessos (D:14)
  8 deep elf demonologists
  6 black draconians
  Azrael (D:14)
  2 green draconians (Zot:4)
  4 mottled draconians
  3 yellow draconians
  A spark wasp (Spider:2)
  5 red draconians
  13 deep elf annihilators
  Snorg (Lair:6)
  2 purple draconians (Zot:5)
  2 pearl dragon zombies (Depths:4)
  6 crystal guardians
  15 ettins
  10 merfolk impalers (Shoals:4)
  8 fire dragons
  5 merfolk javelineers
  8 deep elf high priests
  Josephine (D:14)
  10 great orbs of eyes
  12 yaktaur captains
  10 deep elf death magi
  A jiangshi (Depths:5)
  An ice dragon (shapeshifter) (Depths:2)
  A ghost crab (shapeshifter) (Vaults:3)
  33 vault guards
  7 hydras
  8 ice dragons
  The ghost of dialectric the Nimble, a journeyman DsAM of Hepliaklqana (D:13)
  8 rakshasas
  The ghost of Weresquid the Carver, a journeyman DsGl of Dithmenos (D:12)
  4 merfolk avatars
  8 centaur warriors
  4 merfolk aquamancers (Shoals:4)
  20 dancing weapons
  2 vampire magi
  A death knight (Depths:4)
  5 hell hogs
  10 deep troll earth magi
  22 ogre magi
  A thrashing horror (Abyss:4)
  9 deep troll shamans
  6 orc high priests
  A hell hog (shapeshifter) (Depths:5)
  2 spriggan berserkers (Depths:2)
  6 tengu warriors
  A titan zombie (Depths:5)
  16 deep elf knights
  Nergalle (Lair:4)
  4 wretched stars (Abyss:4)
  A storm dragon zombie (Depths:5)
  6 iron trolls
  3 soul eaters
  12 sea snakes
  A shadow wraith (Depths:5)
  A spatial maelstrom (Abyss:4)
  6 skeletal warriors
  The ghost of Letos the Frost Mage, a novice DEIE of Sif Muna (D:11)
  6 small abominations
  4 hell knights
  31 deep trolls
  3 glowing orange brains
  A swamp dragon (shapeshifter) (Vaults:3)
  5 unseen horrors
  7 wizards
  A swamp dragon (Vaults:1)
  3 flayed ghosts
  15 deep elf archers
  A glowing orange brain (shapeshifter) (Vaults:3)
  3 unseen horrors (shapeshifter)
  A harpy (shapeshifter) (Vaults:4)
  14 ironbrand convokers
  22 orc knights
  3 phantasmal warriors
  A lindwurm (D:14)
  27 ugly things
  8 hill giants
  35 wolf spiders
  62 deep elf magi
  A sphinx zombie (Depths:5)
  9 orc sorcerers
  A shadow dragon zombie (Depths:5)
  14 harpies
  13 orb spiders
  14 manticores
  An oklob plant (D:10)
  9 cyclopes
  5 necromancers
  4 moths of wrath
  2 fauns (Shoals:2)
  A faun (shapeshifter) (Vaults:5)
  4 black mambas
  The ghost of drke the Grappler, a novice TrMo (D:6)
  An apocalypse crab (Abyss:4)
  3 guardian serpents
  6 sirens
  3 elephants (Lair:6)
  4 apis skeletons (Depths:4)
  Maurice (D:8)
  18 vault sentinels
  A smoke demon (Depths:3)
  A torpor snail (Spider:1)
  6 water nymphs
  A water nymph (shapeshifter) (Depths:3)
  An orange demon (Abyss:4)
  3 gargoyles
  A storm dragon simulacrum (Vaults:2)
  46 yaktaurs
  7 spiny frogs
  5 komodo dragons
  A yaktaur (shapeshifter) (Depths:1)
  An ancient zyme (Elf:3)
  2 kobold demonologists
  A rime drake (Lair:5)
  3 freezing wraiths
  22 demonic crawlers
  An ice devil (D:13)
  4 hellwings
  33 merfolk
  A polar bear (shapeshifter) (Depths:4)
  A meliai (shapeshifter) (Elf:1)
  9 tengu conjurers
  6 trolls
  29 jumping spiders
  36 two-headed ogres
  12 hornets
  A raiju (shapeshifter) (Depths:5)
  2 jumping spiders (shapeshifter)
  20 blink frogs
  44 slime creatures
  5 wind drakes
  A slime creature (shapeshifter) (Depths:3)
  A dream sheep (shapeshifter) (Depths:4)
  8 raiju (Abyss:4)
  11 dream sheep
  6 hippogriffs
  8 snapping turtles
  A fire giant simulacrum (Vaults:3)
  63 redbacks
  4 air elementals
  21 water elementals
  21 tarantellas
  6 large abominations
  3 wyverns
  6 fire elementals
  9 wraiths
  A shadow (D:12)
  2 vampires
  A wyvern (shapeshifter) (Depths:3)
  5 basilisks
  A yak (shapeshifter) (Vaults:1)
  2 golden eyes (Depths:3)
  16 yaks
  2 neqoxecs (Abyss:4)
  A yaktaur simulacrum (Vaults:2)
  4 hungry ghosts
  3 wargs
  An elf skeleton (Depths:5)
  A spatial vortex (Abyss:4)
  2 mottled dragons (Vaults:1)
  9 water moccasins
  6 hell hounds (Depths:3)
  A floating eye (shapeshifter) (Vaults:2)
  3 floating eyes
  10 porcupines
  69 orc warriors
  3 ice beasts
  4 sky beasts
  An eye of draining (D:12)
  An eye of draining (shapeshifter) (Vaults:1)
  A black bear (D:6)
  89 ogres
  A phantom (D:4)
  18 boggarts
  A wolf (Lair:6)
  A centaur (shapeshifter) (Vaults:3)
  23 centaurs
  2 big kobolds
  9 crocodiles
  2 elf zombies
  21 bullfrogs
  4 earth elementals
  A gnoll sergeant (D:9)
  5 scorpions
  An elf simulacrum (Vaults:2)
  7 howler monkeys
  11 electric eels
  A bullfrog zombie (D:10)
  8 starcursed masses (Abyss:4)
  9 crimson imps
  13 jellies
  A quasit (D:10)
  36 orc priests
  4 centaur zombies
  A hound (shapeshifter) (Vaults:5)
  4 hounds
  3 bullfrog skeletons
  5 centaur skeletons
  An iron imp (Depths:2)
  4 iguanas
  An iguana (shapeshifter) (Elf:1)
  46 orc wizards
  Ijyb (D:3)
  11 worker ants
  A hound skeleton (D:9)
  A hound zombie (D:11)
  10 gnolls
  3 worker ant zombies
  6 river rats (D:9)
  15 adders
  A river rat (shapeshifter) (Depths:3)
  8 shadow imps
  An ufetubus (Abyss:4)
  16 oozes
  3 adder skeletons
  An adder zombie (D:8)
  6 worms
  3 dart slugs
  8 leopard geckos
  147 orcs
  A ball python (D:5)
  17 bats
  9 giant cockroaches
  4 goblins
  8 hobgoblins
  5 jackals
  2 quokkas
  7 frilled lizards
  14 kobolds
  14 rats
  4 crawling corpses
  A fungus (Elf:3)
  A macabre mass (Vaults:4)
  A plant (Shoals:2)
  A starspawn tentacle (Abyss:4)
  A tentacle (Shoals:4)
2244 creatures vanquished.

Vanquished Creatures (others)
  An ancient lich (Vaults:5)
  A lich (Depths:3)
  A draconian annihilator (Zot:4)
  A stone giant (Depths:5)
  A merfolk javelineer (Shoals:4)
  5 yaktaur captains
  A great orb of eyes (Vaults:3)
  2 centaur warriors
  2 deep elf knights (Elf:1)
  2 deep elf archers
  A deep elf mage (Elf:3)
  A moth of wrath (Zot:2)
  12 yaktaurs
  3 ogres
  A boggart (Depths:2)
  6 centaurs
  A jelly (D:14)
  An orc wizard (D:12)
  2 orcs
  A jackal (D:3)
  9 bushes
  9 fungi
  6 plants
  3 starspawn tentacles (Abyss:4)
  6 tentacles (Shoals:4)
79 creatures vanquished.

Grand Total: 2323 creatures vanquished

Notes
Turn   | Place    | Note
-------+----------+-------------------------------------------
     0 | D:1      | Tegga21 the Gargoyle Fighter began the quest for the Orb.
     0 | D:1      | Reached XP level 1. HP: 14/14 MP: 1/1
   143 | D:1      | Reached XP level 2. HP: 11/19 MP: 2/2
   673 | D:1      | Reached XP level 3. HP: 23/23 MP: 3/3
  1048 | D:2      | Found a shadowy altar of Dithmenos.
  1155 | D:2      | Reached skill level 4 in Fighting
  1155 | D:2      | Reached XP level 4. HP: 22/29 MP: 4/4
  1619 | D:2      | Found a stormy altar of Qazlal.
  1973 | D:3      | Found a glowing silver altar of Zin.
  2021 | D:3      | Noticed Ijyb
  2028 | D:3      | Killed Ijyb
  2028 | D:3      | Reached XP level 5. HP: 28/34 MP: 5/5
  2328 | D:3      | Reached skill level 5 in Maces & Flails
  2328 | D:3      | Reached XP level 6. HP: 24/40 MP: 6/6
  2661 | D:4      | Reached skill level 5 in Fighting
  2738 | D:4      | Noticed a phantom
  2804 | D:4      | Killed a phantom
  3048 | D:4      | Found a radiant altar of Vehumet.
  3457 | D:5      | Entered Level 5 of the Dungeon
  3551 | D:5      | Reached XP level 7. HP: 29/44 MP: 7/7
  3672 | D:5      | Found a bloodstained altar of Trog.
  3672 | D:5      | Found a hide-covered altar of Uskayaw.
  4284 | D:6      | Noticed drke's ghost (novice TrMo)
  4520 | D:6      | Got a fine whip
  4527 | D:6      | Identified the +9 whip of the People {flame, Str+3} (You found it on level 6 of the Dungeon)
  4531 | D:6      | Reached skill level 6 in Fighting
  4594 | D:6      | Found a staircase to the Ecumenical Temple.
  4616 | D:6      | Reached XP level 8. HP: 52/52 MP: 8/8
  4696 | D:6      | Killed drke's ghost
  4696 | D:6      | Reached skill level 7 in Fighting
  5238 | D:7      | Reached XP level 9. HP: 54/58 MP: 9/9
  5547 | D:7      | Reached skill level 8 in Fighting
  5787 | Temple   | Entered the Ecumenical Temple
  5791 | Temple   | Became a worshipper of Gozag Ym Sagoz the Greedy
  5818 | D:8      | Reached skill level 10 in Maces & Flails
  6028 | D:8      | Found a viscous altar of Jiyva.
  6091 | D:8      | Noticed Maurice
  6105 | D:8      | Killed Maurice
  6241 | D:8      | Reached skill level 9 in Fighting
  6295 | D:8      | Found a sacrificial altar of Ru.
  6720 | D:8      | Found a blossoming altar of Fedhas.
  6809 | D:9      | Reached XP level 10. HP: 56/66 MP: 10/10
  6837 | D:9      | Found a sparkling altar of Nemelex Xobeh.
  7218 | D:9      | Paralysed by a floating eye for 2 turns
  7240 | D:9      | Reached skill level 10 in Fighting
  7524 | D:9      | Paralysed by a floating eye for 4 turns
  7795 | D:9      | Found a shimmering altar of Xom.
  7796 | D:9      | Found a shimmering altar of Xom.
  7806 | D:9      | Found a shimmering altar of Xom.
  7806 | D:9      | Found a shimmering altar of Xom.
  7807 | D:9      | Found a shimmering altar of Xom.
  7807 | D:9      | Found a shimmering altar of Xom.
  7811 | D:9      | Noticed a guardian serpent
  7855 | D:9      | Noticed a fire crab
  7855 | D:9      | a meliai changed into a fire crab
  7877 | D:9      | a fire crab changed into a polar bear
  7958 | D:9      | Found a staircase to the Lair.
  8114 | D:9      | Noticed a death drake
  8118 | D:9      | Noticed a ghost crab
  8119 | D:9      | Noticed a cyclops
  8119 | D:9      | a ghost crab changed into a cyclops
  8139 | Lair:1   | Entered Level 1 of the Lair of Beasts
  8146 | Lair:1   | Noticed a five-headed hydra
  8162 | Lair:1   | Killed a five-headed hydra
  8192 | Lair:1   | Noticed a spiny frog
  8200 | Lair:1   | Killed a spiny frog
  8205 | Lair:1   | Reached XP level 11. HP: 70/73 MP: 11/11
  8264 | Lair:1   | Noticed a four-headed hydra
  8277 | Lair:1   | Reached skill level 11 in Fighting
  8290 | Lair:1   | Killed a four-headed hydra
  8620 | Lair:1   | Identified the Tome of Aid and Companions
  8797 | Lair:1   | Noticed a seven-headed hydra
  8808 | Lair:1   | Killed a seven-headed hydra
  8808 | Lair:1   | Reached skill level 1 in Dodging
  9384 | Lair:2   | You fall through a shaft for 2 floors!
  9531 | Lair:3   | Noticed Gastronok
  9564 | Lair:3   | Killed Gastronok
  9564 | Lair:3   | Reached skill level 5 in Shields
  9564 | Lair:3   | Reached XP level 12. HP: 36/80 MP: 12/12
  9592 | Lair:3   | Reached skill level 5 in Armour
  9795 | Lair:3   | Found a staircase to the Shoals.
 10270 | Lair:3   | Got a pair of heavily runed boots
 10271 | Lair:3   | Identified the +1 pair of boots of the Bells {SInv} (You found it on level 3 of the Lair of Beasts)
 10508 | Lair:4   | Noticed Nergalle
 10509 | Lair:4   | Reached skill level 12 in Fighting
 10539 | Lair:4   | Killed Nergalle
 10625 | Lair:4   | Found a hole to the Spider Nest.
 11278 | Lair:5   | Noticed an eight-headed hydra
 11290 | Lair:5   | Killed an eight-headed hydra
 11548 | Lair:5   | Found a deep blue altar of Sif Muna.
 11602 | Lair:5   | Found a staircase to the Slime Pits.
 11667 | Lair:5   | Noticed a seven-headed hydra
 11676 | Lair:5   | Killed a seven-headed hydra
 11781 | Lair:5   | Reached XP level 13. HP: 87/87 MP: 13/13
 12082 | Lair:6   | Entered Level 6 of the Lair of Beasts
 12096 | Lair:6   | Noticed drke's ghost (journeyman MiBe)
 12206 | Lair:5   | Got a bloodstained plate armour
 12217 | Lair:5   | Identified the cursed +1 plate armour "Foiskiaska" {Int+2} (You found it on level 5 of the Lair of Beasts)
 12376 | Lair:5   | Bought a pair of runed gloves for 210 gold pieces
 12523 | Lair:6   | Noticed Snorg
 12554 | Lair:6   | Killed Snorg
 12554 | Lair:6   | Reached skill level 5 in Dodging
 12619 | Lair:6   | Reached skill level 13 in Fighting
 13244 | Lair:1   | Bought a polished plate armour for 840 gold pieces
 13257 | Lair:1   | Identified the +3 plate armour of the Dropbear {Str+4 Dex+3} (You bought it in a shop on level 1 of the Lair of Beasts)
 13291 | D:10     | Entered Level 10 of the Dungeon
 14322 | D:11     | Noticed Letos's ghost (novice DEIE)
 14354 | D:11     | Killed Letos's ghost
 15163 | D:11     | Found a staircase to the Orcish Mines.
 15714 | Orc:1    | Entered Level 1 of the Orcish Mines
 16188 | Orc:1    | Noticed an orc warlord
 16208 | Orc:1    | Killed an orc warlord
 16708 | Orc:2    | Entered Level 2 of the Orcish Mines
 16769 | Orc:2    | Noticed an orc warlord
 16781 | Orc:2    | Paralysed by an orc sorcerer for 2 turns
 17064 | Orc:1    | Gained mutation: Your large and strong wings let you fly indefinitely. [Gargoyle growth]
 17064 | Orc:1    | Reached XP level 14. HP: 43/95 MP: 14/14
 17742 | Orc:1    | Killed an orc warlord
 17742 | Orc:1    | Reached skill level 14 in Fighting
 18190 | Orc:2    | Paralysed by an orc sorcerer for 6 turns
 18205 | Orc:2    | Paralysed by an orc sorcerer for 6 turns
 18221 | Orc:2    | Reached skill level 10 in Shields
 18399 | Orc:2    | Found a staircase to the Elven Halls.
 18589 | Orc:2    | Found Madaysyda's General Store.
 18590 | Orc:2    | Found Kuiph's Book Emporium.
 18591 | Orc:2    | Found Kiffiadgh's Antique Armour Shoppe.
 18591 | Orc:2    | Found Rynwiuhe's Antique Weapon Shoppe.
 18839 | Orc:2    | Found Xarghud's Assorted Antiques.
 18918 | Orc:2    | Reached skill level 10 in Armour
 19600 | Orc:2    | Found Kiffiadgh's Antique Armour Shoppe.
 19601 | Orc:2    | Found Rynwiuhe's Antique Weapon Shoppe.
 19602 | Orc:2    | Found Madaysyda's General Store.
 19602 | Orc:2    | Found Kuiph's Book Emporium.
 19664 | Orc:2    | Found a staircase to the Elven Halls.
 19670 | Orc:2    | Found Jippot's Armour Emporium.
 19695 | Orc:2    | Found Xarghud's Assorted Antiques.
 19813 | Elf:1    | Entered Level 1 of the Elven Halls
 19967 | Elf:1    | Noticed a deep elf annihilator
 20210 | D:12     | Noticed Weresquid's ghost (journeyman DsGl)
 20250 | D:12     | Killed Weresquid's ghost
 20545 | D:12     | Identified a scroll of acquirement
 20961 | D:13     | Noticed dialectric's ghost (journeyman DsAM)
 20985 | D:13     | Killed dialectric's ghost
 21531 | D:14     | Got a blackened buckler
 21542 | D:14     | Identified the +0 buckler of the Realm of Zot {rN+ MR+} (You found it on level 14 of the Dungeon)
 21558 | D:14     | Noticed Josephine
 21573 | D:14     | Killed Josephine
 21888 | Orc:2    | Bought the +9 armour of the Dragon King {rPois rF+ rC+ MR+} for 1996 gold pieces
 22175 | D:14     | Reached XP level 15. HP: 101/101 MP: 15/15
 22216 | D:14     | Noticed Nessos
 22243 | D:14     | Noticed Azrael
 22449 | D:14     | Killed Nessos
 22457 | D:14     | Killed Azrael
 22457 | D:14     | Reached skill level 15 in Fighting
 23256 | D:14     | Found a gate to the Vaults.
 23298 | D:15     | Entered Level 15 of the Dungeon
 23454 | D:15     | Found a staircase to the Depths.
 23841 | Orc:2    | Bought the -2 hat of the Alchemist {rElec rPois rF+ rC+ rN+ MR+ rMut rCorr} for 755 gold pieces
 24061 | Temple   | Fell from the grace of Gozag
 24061 | Temple   | Became a worshipper of Ashenzari the Shackled
 24181 | D:9      | Identified the +2 spear "Woheanat" {drain, rElec Dex+2 Stlth-} (You found it on level 9 of the Dungeon)
 24246 | Shoals:1 | Entered Level 1 of the Shoals
 24537 | Shoals:1 | Identified the +9 dagger "Loocil" {pierce, *Corrode Str+3 Stlth+}
 24537 | Shoals:1 | Identified the +1 robe of Inviolability {rPois rC+ Str+5 Int+2}
 24989 | Shoals:1 | Reached * piety under Ashenzari
 26076 | Shoals:2 | Reached ** piety under Ashenzari
 26108 | Shoals:2 | Found Moeroweme's Book Emporium.
 26790 | Shoals:3 | Reached XP level 16. HP: 103/109 MP: 16/16
 27005 | Shoals:3 | Identified the cursed +0 chain mail "Firingos" {Regen+ Int+2}
 27355 | Shoals:3 | Noticed a kraken
 27630 | Shoals:4 | Entered Level 4 of the Shoals
 27752 | Shoals:4 | Reached skill level 16 in Fighting
 27781 | Shoals:4 | Found Emehi's Assorted Antiques.
 29010 | Orc:2    | Found Madaysyda's General Store.
 29011 | Orc:2    | Found Kuiph's Book Emporium.
 29012 | Orc:2    | Found Kiffiadgh's Antique Armour Shoppe.
 29012 | Orc:2    | Found Rynwiuhe's Antique Weapon Shoppe.
 29080 | Orc:2    | Found a staircase to the Elven Halls.
 29106 | Orc:2    | Found Xarghud's Assorted Antiques.
 29411 | Elf:1    | Reached skill level 10 in Dodging
 29482 | Elf:1    | Found Dizo's Gadget Shop.
 29704 | Elf:1    | Reached *** piety under Ashenzari
 29824 | Elf:1    | Identified the Reference Book on Dark Arts
 30281 | Elf:2    | Reached skill level 17 in Fighting
 30388 | Elf:2    | Found Pirelia's Weapon Shoppe.
 30621 | Elf:2    | Reached XP level 17. HP: 108/117 MP: 17/17
 30671 | Elf:2    | Found a runed gate.
 30671 | Elf:2    | Found a runed gate.
 30681 | Elf:2    | Found a runed gate.
 31083 | Elf:3    | Entered Level 3 of the Elven Halls
 31380 | Elf:2    | Was forgiven by Gozag
 31986 | Elf:3    | Noticed a Brimstone Fiend
 32013 | Elf:3    | Noticed a deep elf master archer
 32055 | Elf:3    | Reached skill level 18 in Fighting
 32135 | Elf:3    | Killed a deep elf master archer
 32144 | Elf:3    | Identified the +8 flail of a Spat {crush, rF+} (You took it off a deep elf annihilator on level 3 of the Elven Halls)
 32158 | Elf:3    | Noticed a Hell Sentinel
 32500 | Elf:3    | Noticed a deep elf blademaster
 32513 | Elf:3    | Cast into level 4 of the Abyss (scimitar of distortion)
 32516 | Abyss:4  | Found a corrupted altar of Lugonu.
 32576 | Abyss:4  | Paralysed by accursed screaming for 1 turns
 32584 | Abyss:4  | Paralysed by accursed screaming for 1 turns
 32600 | Abyss:4  | Noticed a tentacled starspawn
 32625 | Abyss:4  | Killed a tentacled starspawn
 32684 | Abyss:4  | Reached XP level 18. HP: 74/126 MP: 18/18
 32688 | Abyss:4  | Noticed a bone dragon
 32738 | Abyss:4  | Killed a bone dragon
 32787 | Abyss:4  | Noticed a bone dragon
 32821 | Abyss:4  | Noticed an ancient lich
 33074 | Abyss:4  | Reached **** piety under Ashenzari
 33202 | Abyss:4  | Found a corrupted altar of Lugonu.
 33222 | Abyss:4  | Reached skill level 19 in Fighting
 33596 | Elf:3    | Escaped the Abyss
 33685 | Elf:3    | Identified the ring "Tolyz" {rN+ SInv Stlth+} (You took it off a deep elf annihilator on level 3 of the Elven Halls)
 33685 | Elf:3    | Identified the cursed +3 glaive "Rifrymau" {chop, rElec rC- Str+5} (You took it off a deep elf annihilator on level 3 of the Elven Halls)
 33776 | Elf:3    | Noticed a Hell Sentinel
 33794 | Elf:3    | Noticed an Ice Fiend
 34326 | Elf:3    | Identified the Catalogue of Combat Magic and the Snowflakes
 34352 | Elf:3    | Identified the Papyrus of Stolen Souls and Toxins
 34428 | Elf:3    | Killed a deep elf blademaster
 34439 | Elf:3    | Reached skill level 15 in Shields
 34795 | Spider:1 | Entered Level 1 of the Spider Nest
 35550 | Spider:1 | Reached ***** piety under Ashenzari
 35581 | Spider:1 | Reached skill level 1 in Spellcasting
 35821 | Spider:1 | Reached skill level 20 in Fighting
 36824 | Spider:3 | Noticed Jorgrun
 36841 | Spider:3 | Noticed Arachne
 36846 | Spider:3 | Killed Jorgrun
 36846 | Spider:3 | Reached XP level 19. HP: 135/135 MP: 24/24
 36922 | Spider:3 | Killed Arachne
 37092 | Spider:3 | Reached skill level 5 in Spellcasting
 37523 | Spider:4 | Entered Level 4 of the Spider Nest
 37523 | Spider:4 | Identified the +4 plate armour of Qeimor {*Corrode rC+ Str+8 Dex-2}
 38355 | Spider:4 | Got a gossamer rune of Zot
 39359 | D:15     | Noticed Louise
 39398 | D:15     | Killed Louise
 39482 | Vaults:1 | Entered Level 1 of the Vaults
 40522 | Vaults:1 | Reached XP level 20. HP: 139/142 MP: 32/32
 41545 | Vaults:1 | Reached skill level 10 in Spellcasting
 41580 | Vaults:1 | Reached skill level 21 in Fighting
 42106 | Vaults:1 | Learned a level 2 spell: Repel Missiles
 42693 | Vaults:2 | Noticed Saint Roka
 42755 | Vaults:2 | Killed Saint Roka
 42755 | Vaults:2 | Reached skill level 1 in Charms
 42951 | Vaults:2 | Reached skill level 1 in Air Magic
 43119 | Vaults:2 | Paralysed by a floating eye for 3 turns
 43130 | Vaults:2 | Paralysed by a floating eye for 2 turns
 43535 | Vaults:2 | Reached ****** piety under Ashenzari
 43750 | Vaults:2 | Reached XP level 21. HP: 149/149 MP: 35/35
 44118 | Vaults:2 | Found a staircase to the Crypt.
 45455 | Vaults:3 | Paralysed by a lich for 6 turns
 45877 | Vaults:3 | Reached skill level 22 in Fighting
 45930 | Vaults:3 | Paralysed by a floating eye for 3 turns
 47665 | Vaults:3 | Reached XP level 22. HP: 156/156 MP: 36/36
 48053 | Vaults:5 | Entered Level 5 of the Vaults
 48626 | Vaults:5 | Noticed a golden dragon
 48661 | Vaults:5 | Killed a golden dragon
 48906 | Vaults:5 | Identified a +2 pair of boots of running
 48906 | Vaults:5 | Identified the cursed +1 plate armour "Hacuunami" {Slay+3}
 49326 | Vaults:5 | Got a silver rune of Zot
 49330 | Vaults:5 | Identified the cursed +1 scale mail "Wesoviug" {rC- Int+9}
 49750 | Vaults:5 | Reached skill level 23 in Fighting
 49900 | Vaults:5 | Noticed Jory
 49929 | Vaults:5 | Killed Jory
 50157 | Vaults:5 | Reached XP level 23. HP: 164/164 MP: 37/37
 50531 | Vaults:5 | Noticed an ancient lich
 50563 | Vaults:5 | Killed an ancient lich
 50951 | Vaults:5 | Identified Sif Muna's Compendium of Moulding and Self-Knowledge
 51201 | D:15     | Found Wydghi's General Store.
 51430 | D:15     | Noticed Rupert
 51452 | D:15     | Killed Rupert
 51745 | Depths:1 | Entered Level 1 of the Depths
 51806 | Depths:1 | Reached skill level 24 in Fighting
 51877 | Depths:1 | Found a one-way gate leading to the halls of Pandemonium.
 51990 | Depths:1 | Noticed an ancient lich
 51991 | Depths:1 | Found a gateway to a ziggurat.
 52070 | Depths:1 | Killed an ancient lich
 52230 | Depths:1 | Reached skill level 25 in Fighting
 52272 | Depths:1 | Noticed a juggernaut
 52380 | Depths:1 | Found a gateway to Hell.
 53180 | Depths:2 | Reached skill level 26 in Fighting
 53571 | Depths:2 | Reached XP level 24. HP: 180/180 MP: 37/37
 53663 | Depths:2 | Paralysed by a floating eye for 4 turns
 53676 | Depths:2 | Paralysed by a floating eye for 2 turns
 53686 | Depths:2 | Paralysed by a floating eye for 4 turns
 54598 | Depths:2 | Reached skill level 27 in Fighting
 54901 | Depths:3 | Noticed Nikola
 54946 | Depths:3 | Killed Nikola
 54962 | Depths:3 | Found Gozag's Antique Weapon Boutique.
 54996 | Depths:3 | Noticed Bai Suzhen
 55021 | Depths:3 | Reached skill level 15 in Armour
 55189 | Depths:3 | Killed Bai Suzhen
 55243 | Depths:3 | Found Gozag's Antique Weapon Shop.
 55273 | Depths:3 | Found an opulent altar of Gozag.
 55273 | Depths:3 | Found Gozag's Antique Weapon Shop.
 56031 | Depths:4 | Noticed Sojobo
 56066 | Depths:4 | Killed Sojobo
 56086 | Depths:4 | Found a one-way gate to the infinite horrors of the Abyss.
 56768 | Depths:4 | Found a basalt altar of Yredelemnul.
 56818 | Depths:5 | Entered Level 5 of the Depths
 56833 | Depths:5 | Reached XP level 25. HP: 185/187 MP: 37/37
 56856 | Depths:5 | Noticed an ancient lich
 57206 | Depths:5 | Reached skill level 15 in Maces & Flails
 57954 | Depths:5 | Found a gate to the Realm of Zot.
 59137 | Depths:5 | Killed an ancient lich
 59494 | Shoals:4 | Noticed Ilsuiw
 59549 | Shoals:4 | Killed Ilsuiw
 59806 | Shoals:4 | Got a barnacled rune of Zot
 60502 | Zot:1    | Entered Level 1 of the Realm of Zot
 60734 | Zot:4    | Reached XP level 26. HP: 189/193 MP: 0/37
 60868 | Zot:5    | Entered Level 5 of the Realm of Zot
 61117 | Zot:5    | Noticed an ancient lich
 61171 | Zot:5    | Killed an ancient lich
 61336 | Zot:5    | Noticed an orb of fire
 61369 | Zot:5    | Killed an orb of fire
 61395 | Zot:5    | Noticed an orb of fire
 61398 | Zot:5    | Noticed an orb of fire
 61399 | Zot:5    | Noticed an orb of fire
 61403 | Zot:5    | Noticed an orb of fire
 61413 | Zot:5    | Gained mutation: You are frail. (-10% HP) [an orb of fire]
 61422 | Zot:5    | Killed an orb of fire
 61435 | Zot:5    | Killed an orb of fire
 61448 | Zot:5    | Gained mutation: You expend magic power (3 MP) to strengthen your wands. [an orb of fire]
 61458 | Zot:5    | Noticed an orb of fire
 61473 | Zot:5    | Gained mutation: You are covered in fur. (AC +1) [an orb of fire]
 61696 | Zot:4    | Gained mutation: Potions and wands are less effective at restoring your health. [an orb of fire]
 61758 | Zot:4    | Killed an orb of fire
 61884 | Zot:4    | Gained mutation: Your magical capacity is low. (-10% MP) [an orb of fire]
 61913 | Zot:4    | Killed an orb of fire
 61965 | Zot:5    | Noticed an ancient lich
 61980 | Zot:4    | Gained mutation: You tend to lose your temper in combat. [an orb of fire]
 61989 | Zot:4    | Killed an orb of fire
 62014 | Zot:5    | Killed an ancient lich
 62388 | Zot:5    | Noticed an orb of fire
 62401 | Zot:5    | Gained mutation: Your body sometimes deteriorates upon taking damage. [an orb of fire]
 62426 | Zot:5    | Killed an orb of fire
 62426 | Zot:5    | Reached XP level 27. HP: 102/179 MP: 33/33
 62896 | Zot:5    | Got the Orb of Zot
 62959 | Zot:5    | Noticed an orb of fire
 62965 | Zot:5    | Gained mutation: You often lose your temper in combat. [an orb of fire]
 62981 | Zot:4    | Gained mutation: Your spells are a little easier to cast, but a little less powerful. [an orb of fire]
 62992 | Zot:4    | Gained mutation: Your body often deteriorates upon taking damage. [an orb of fire]
 63635 | D:$      | Escaped with the Orb!

Skill      XL: |  1  2  3  4  5  6  7  8  9 10 11 12 13 14 15 16 17 18 19 20 21 22 23 24 25 26 27 |
---------------+----------------------------------------------------------------------------------+-----
Maces & Flails | 3 4 5 6 7 9 11 13 14 16 17 | 17.7
Fighting       | 4 5 6 7 9 10 11 12 13 14 15 17 18 20 21 22 23 26 27 | 27.0
Dodging        | 2 4 6 8 9 10 11 12 13 14 | 14.7
Shields        | 5 7 9 11 12 13 14 16 17 19 21 23 | 23.7
Armour         | 4 7 9 10 12 13 14 16 18 20 21 | 21.7
Spellcasting   | 3 8 10 | 10.7
Charms         | 1 |  1.5
Air Magic      | 1 |  1.1

Action                   |  1- 3 |  4- 6 |  7- 9 | 10-12 | 13-15 | 16-18 | 19-21 | 22-24 | 25-27 || total
-------------------------+-------+-------+-------+-------+-------+-------+-------+-------+-------++-------
Melee: Flail             |   125 |   343 |    52 |       |       |   548 |  3050 |   544 |       ||  4662
       Whip              |       |       |   207 |   642 |  2397 |  2035 |       |       |       ||  5281
       Demon whip        |       |       |       |       |       |       |       |  2340 |  2037 ||  4377
Throw: Javelin           |       |       |       |       |       |     7 |       |       |       ||     7
       Throwing net      |       |       |       |       |       |     4 |       |       |       ||     4
Invok: Call Merchant     |       |       |       |     1 |     2 |       |       |       |       ||     3
       Potion Petition   |       |       |       |       |     2 |       |       |       |       ||     2
       Curse Item        |       |       |       |       |     8 |     1 |     1 |       |       ||    10
 Abil: Fly               |       |       |       |       |     1 |       |       |     1 |       ||     2
       Stop Flying       |       |       |       |       |       |       |       |     1 |       ||     1
Evoke: Wand              |       |       |       |       |       |    18 |       |     5 |    12 ||    35
  Use: Scroll            |       |       |       |     5 |    25 |     7 |    19 |    19 |    13 ||    88
       Potion            |       |       |       |       |     2 |     1 |       |       |     8 ||    11
 Stab: Distracted        |       |       |       |     5 |    11 |       |       |     3 |       ||    19
  Eat: Chunk             |       |     9 |     6 |       |     1 |    18 |    33 |    27 |       ||    94
       Bread ration      |       |       |     1 |     1 |     9 |     3 |     2 |     1 |       ||    17
       Fruit             |       |       |       |     7 |     1 |     1 |       |       |       ||     9
       Pizza             |       |       |       |     1 |       |     1 |       |       |       ||     2
       Beef jerky        |       |       |       |     3 |     4 |       |       |       |       ||     7
       Meat ration       |       |       |       |       |     1 |       |       |     1 |     5 ||     7
Armor: Scale mail        |    44 |       |       |       |       |       |       |       |       ||    44
       Plate armour      |    33 |   280 |   106 |   272 |   389 |       |       |       |       ||  1080
       Skin              |     2 |       |       |       |       |       |       |       |       ||     2
       Gold dragon scale |       |       |       |       |   458 |  1338 |  1430 |   980 |   782 ||  4988
Dodge: Dodged            |    28 |    55 |    24 |    84 |   464 |   556 |   657 |   497 |   464 ||  2829
Block: Shield            |    68 |   202 |    83 |   205 |   549 |       |       |       |       ||  1107
       Buckler           |       |       |       |       |   216 |   354 |       |       |       ||   570
       Large shield      |       |       |       |       |       |   773 |  3201 |  2311 |  1841 ||  8126
       Reflection        |       |       |       |       |       |     7 |    99 |   110 |    50 ||   266
